 Dungeon Crawl Stone Soup version 0.32-a0-422-g28b100f618 (webtiles) character file.

Game seed: 15621070517674636216

649400 jfitz the Axe Maniac (level 27, -11/390 (409) HPs)
             Began as a Minotaur Berserker on Feb 21, 2024.
             Was a High Priest of Trog.
             Mangled by a death scarab (15 damage)
             ... summoned by a royal mummy
             ... on level 2 of the Tomb of the Ancients.
             The game lasted 04:03:37 (73736 turns).

jfitz the Axe Maniac (Minotaur Berserker)          Turns: 73736, Time: 04:03:37

HP:   -11/390 (409) AC: 42    Str: 37    XL:     27
MP:   18/22         EV: 21    Int:  4    God:    Trog [*****.]
Gold: 4682          SH:  0    Dex: 15    Spells: 26/26 levels left

rFire   + . .        Y - +9 executioner's axe (drain)
rCold   + . .        (shield currently unavailable)
rNeg    . . .        O - +2 gold dragon scales
rPois   +            (helmet unavailable)
rElec   +            T - +2 cloak {Will+}
rCorr   .            D - +3 pair of gauntlets of War {Slay+5}
SInv    .            h - +2 pair of boots {Fly}
Will    +++..        i - amulet of Ufaaneck {Rampage rElec Regen+} Stlth
                     U - +6 ring of strength
HPRegen 1.65/turn    M - ring of protection from fire
MPRegen 0.18/turn

%: rampage
@: berserking, flying, slowed, lightly drained
A: horns 3, retaliatory headbutt, heat vulnerability 1
}: 4/15 runes: decaying, serpentine, slimy, silver
a: Renounce Religion, Berserk, Trog's Hand, Brothers in Arms


You were on level 2 of the Tomb of the Ancients.
You worshipped Trog.
Trog was extremely pleased with you.
You visited 14 branches of the dungeon, and saw 55 of its levels.
You visited the Abyss 2 times.
You also visited: Volcano and Wizlab.

You collected 10589 gold pieces.
You spent 5907 gold pieces at shops.

Inventory:

Hand Weapons
 E - a +8 battleaxe
 Y - a +9 executioner's axe of draining (weapon)
Missiles
 c - 14 javelins
 g - 20 boomerangs
 t - 436 stones (quivered)
 x - 6 throwing nets
 A - 55 poisoned darts
 G - 15 atropa-tipped darts
Armour
 a - the -2 hat of the Alchemist {rElec rPois rF+ rC+ rN+ Will+ rMut rCorr}
   (You acquired it on level 11 of the Dungeon)

   rF+:       It protects you from fire.
   rC+:       It protects you from cold.
   rElec:     It insulates you from electricity.
   rPois:     It protects you from poison rN+: It protects you from negative
   energy.
   Will+:     It increases your willpower.
   rCorr:     It protects you from acid and corrosion.
   rMut:      It protects you from mutation.
 h - a +2 pair of boots of flying (worn)
 D - the +3 pair of gauntlets of War (worn) {Slay+5}
   (You found it on level 3 of the Elven Halls)

   Slay+5:    It affects your accuracy & damage with ranged weapons and melee
   (+5).
 O - +2 gold dragon scales (worn)
 T - a +2 cloak of willpower (worn)
Jewellery
 d - the dreamshard necklace {Acrobat *Dream}
   (You bought it in a shop on level 1 of the Elven Halls)

   [amulet of the acrobat]

   *Dream:    It absorbs a single lethal wound into itself, holding its wearer
   just short of death and releasing dream-creatures to guard them.
   Acrobat:   It increases your evasion while moving and waiting.
 i - the amulet of Ufaaneck (around neck) {Rampage rElec Regen+}
   (You took it off a vault warden on level 5 of the Vaults)

   [amulet of regeneration]

   rElec:     It insulates you from electricity.
   Regen+:    It increases your rate of health regeneration.
   Rampage:   It bestows one free step when moving towards enemies.
 M - a ring of protection from fire (right hand)
 U - a +6 ring of strength (left hand)
Wands
 l - a wand of flame (81)
 o - a wand of digging (21)
 u - a wand of polymorph (39)
 y - a wand of charming (58)
 B - a wand of roots (63)
 L - a wand of mindburst (44)
 S - a wand of quicksilver (30)
Scrolls
 b - 3 scrolls of revelation
 n - 24 scrolls of teleportation
 r - 7 scrolls of blinking
 s - 4 scrolls of fear
 H - 11 scrolls of poison
 J - 8 scrolls of fog
 N - 5 scrolls of silence
 P - a scroll of butterflies
Potions
 e - 18 potions of curing
 f - 14 potions of haste
 q - 14 potions of heal wounds
 z - 7 potions of might
 C - 7 potions of resistance
 F - 3 potions of invisibility
 I - 5 potions of ambrosia
 Q - 8 potions of cancellation
 R - 4 potions of enlightenment
 V - a potion of lignification
 W - a potion of attraction
Miscellaneous
 j - a tin of tremorstones (2/2)
 k - a sack of spiders
 m - a phial of floods
 p - the horn of Geryon
 v - a phantom mirror
 K - a lightning rod (4/4)


   Skills:
 O Level 27 Fighting
 O Level 27 Axes
 + Level 4.0 Throwing
 O Level 27 Armour
 O Level 27 Dodging
 + Level 20.2 Stealth
 + Level 11.4 Shields


You had 26 spell levels left.
You didn't know any spells.
Your spell library was empty.

Dungeon Overview and Level Annotations

Branches:
Dungeon (15/15)            Temple (0/1) D:4            Lair (5/5) D:9
  Swamp (4/4) Lair:2        Snake (4/4) Lair:2        Slime (5/5) Lair:5
    Orc (2/2) D:11            Elf (3/3) Orc:2        Vaults (5/5) D:13
  Crypt (3/3) Vaults:3       Tomb (2/3) Crypt:3      Depths (4/4) D:15
   Hell (visited)             Dis (1/7) Hell            Geh (0/7) Hell
    Coc (1/7) Hell            Tar (0/7) Hell            Zot (0/5) Depths:4
Volcano (visited)          WizLab (visited)

Altars:
Dithmenos
Fedhas
Gozag
Kikubaaqudgha
Okawaru
Qazlal
Sif Muna
Trog
Uskayaw
Vehumet
Wu Jian
Xom
Yredelemnul
Zin
The Shining One
Beogh
Jiyva

Shops:
D:3 *   D:7 ([(?   D:12 ?   Orc:2 [=([   Elf:1 ?:==[!*   Elf:3 ?   Snake:1 [=
Snake:2 *   Vaults:2 ((   Vaults:4 ?   Depths:2 [

Portals:
Hell: Depths:1 Depths:2 Depths:3 Depths:4
Abyss: Depths:3 Depths:4
Pandemonium: Depths:2 Depths:4
Ziggurat: Depths:4

Annotations:
D:4 2 transporters


Innate Abilities, Weirdness & Mutations

You have a pair of large horns on your head.
You reflexively headbutt those who attack you in melee.
You are vulnerable to heat. (rF-)


Message History

The death scarab's corpse disappears in a puff of smoke!
The royal mummy gestures at you while chanting.
Something smites you!
* * * LOW HITPOINT WARNING * * *
The royal mummy casts a spell.
The mummy priest utters an invocation to its god.
You cut the royal mummy into ribbons!!!
The royal mummy is heavily damaged.
You slice the emperor scorpion!! You drain the emperor scorpion.
You slice the laughing skull like a ripe choko!!!
You destroy the laughing skull!
The laughing skull disappears in a puff of smoke!
You slash the royal mummy! You slash the mummy priest!
You destroy the mummy priest!
Trog accepts your kill.
The jiangshi disappears in a puff of smoke!
The flayed ghost disappears in a puff of smoke!
The phantasmal warrior disappears in a puff of smoke!
You feel extremely nervous for a moment...
You feel horribly lethargic.
You feel as though you will be slow longer.
The royal mummy completely misses you.
The royal mummy calls on the powers of darkness!
The emperor scorpion convulses! x2; You feel a surge of unholy energy.
The emperor scorpion misses you. You furiously retaliate!
You headbutt the emperor scorpion!! The emperor scorpion misses you.
The emperor scorpion claws you but does no damage.
Okay, then.
Okay, then.
You are too berserk!
Unknown command.
You completely miss the royal mummy. You headbutt the royal mummy!
The royal mummy is severely damaged.
You slice the royal mummy like a ripe choko!!!
You slice the death scarab!! You slice the emperor scorpion!!
You feel the power of Trog in you as your rage grows.
You kill the emperor scorpion!
The emperor scorpion's corpse disappears in a puff of smoke!
You slash the death scarab! The death scarab bites you!
You die...

##...........##...
M.................
..................
.M...3^.......(..
#....3M..4#
#....M..4M#
#......MM.#
#.....BM§.#
#...†.sM@§#
#.....§BB.#
#.....§...#
........§....
...............
..............9
##...........##.
.......^.## .M


You could see 2 royal mummies, an emperor scorpion (summoned), 2 mummy priests,
a soul eater (summoned), an orange demon (summoned), 2 guardian mummies, an
ushabti, an ice devil (summoned), a neqoxec (summoned), 3 death scarabs and 2
mummies.

Vanquished Creatures
  the Royal Jelly (Slime:5)
  Dissolution (Slime:2)
  3 dread liches
  An ancient lich (Vaults:5)
  Josephina (Crypt:2)
  3 royal mummies
  Boris (twice) (Vaults:4 Depths:2)
  3 caustic shrikes (Depths:2)
  4 golden dragons
  Nikola (Elf:1)
  Geryon (Hell)
  3 bone dragons
  A pearl dragon (Abyss:2)
  3 doom hounds (Crypt:1)
  The ghost of Tang the Gelid, an adept CoAl of Hepliaklqana (Elf:2)
  5 tentacled monstrosities
  2 deep elf blademasters
  6 titans
  Rupert (D:12)
  Grunn (Crypt:1)
  5 deep elf master archers
  2 shard shrike skeletons
  A walking divine tome (Depths:2)
  Murray (Depths:1)
  3 quicksilver dragons
  9 liches
  2 walking frostbound tomes
  14 sphinxes
  13 acid blobs
  A thorn hunter (WizLab)
  The ghost of Qanoask the Warrior, a journeyman OnGl of Jiyva (Snake:1)
  A tentacled starspawn (Abyss:2)
  Gastronok (Lair:2)
  8 ancient champions
  5 shadow dragons
  3 storm dragons
  12 azure jellies
  4 tengu reavers
  Donald (Crypt:2)
  3 revenants
  Kirke (Lair:3)
  Roxanne (Elf:2)
  3 nagarajas
  3 daevas (Depths:3)
  Aizul (Elf:2)
  4 fenstrider witches
  9 fire giants
  13 rockslimes
  2 iron dragons
  18 vault wardens
  8 frost giants
  6 deep elf sorcerers
  4 draconian monks (Depths:4)
  A draconian scorcher (Depths:4)
  A draconian shifter (Depths:4)
  Louise (Swamp:3)
  A juggernaut zombie (Tomb:1)
  3 deep elf elementalists
  2 curse skulls
  2 angels (Depths:3)
  4 draconian stormcallers (Depths:4)
  2 ghouls (Crypt:2)
  2 spriggan defenders (Depths:4)
  5 formless jellyfish
  A balrug (Depths:4)
  23 ironbound preservers
  28 very ugly things
  A cacodemon (Hell)
  A caustic shrike skeleton (Crypt:2)
  The ghost of lunkers the Basher, a journeyman CoWn of Gozag (Lair:5)
  20 stone giants
  5 reapers (Hell)
  3 orc warlords
  12 quicksilver oozes
  2 green draconians (Depths:4)
  11 ironbound thunderhulks
  9 deep elf demonologists
  6 eleionomae
  Nessos (D:13)
  4 draconian annihilators
  11 vampire knights
  4 yellow draconians (Depths:4)
  12 deep elf death magi
  A putrid mouth (Hell)
  2 bunyips (Swamp:4)
  10 deep elf annihilators
  24 dire elephants
  2 minotaurs (Elf:2)
  5 bennus
  6 war gargoyles
  A red draconian (Depths:4)
  12 starcursed masses (Abyss:2)
  3 white draconians (Depths:4)
  2 iron golems (Depths:1)
  3 green deaths
  3 spark wasps
  6 crystal guardians
  3 blizzard demons
  8 jiangshi (Crypt:2)
  An eidolon (Crypt:2)
  10 ettins
  2 merfolk javelineers
  12 mummy priests
  4 entropy weavers
  9 yaktaur captains
  8 great orbs of eyes
  2 merfolk impalers
  A rakshasa (Depths:2)
  2 deep elf high priests (Elf:3)
  4 peacekeepers
  8 fire dragons
  28 vault guards
  A shambling mangrove (WizLab)
  15 hydras
  An ogre mage (Vaults:5)
  3 salamander tyrants (Snake:4)
  2 spriggan air magi
  6 ice dragons
  Erolcha (D:11)
  6 death knights
  A hell beast (Hell)
  Erica (Lair:2)
  4 ghost crabs
  A spriggan skeleton (Crypt:3)
  4 boulder beetles
  16 two-headed ogres
  7 anacondas
  43 dancing weapons
  14 ironbound frosthearts
  12 deep troll shamans
  20 naga warriors
  4 alligators
  21 centaur warriors
  14 hell hogs
  5 vampire magi
  An occultist (Volcano)
  3 satyrs (WizLab)
  6 tengu warriors
  8 deep troll earth magi
  2 spriggan berserkers (Depths:2)
  29 death scarabs
  22 naga sharpshooters
  3 titan zombies
  2 thrashing horrors (Abyss:2)
  5 orc high priests
  12 sun demons
  21 hell knights
  3 shock serpents
  A skyshark (shapeshifter) (Vaults:5)
  8 spriggans
  4 shadow wraiths
  12 iron trolls
  2 salamander mystics
  49 skeletal warriors
  A spectral death yak (Lair:5)
  2 skysharks (Lair:5)
  15 soul eaters
  A titan skeleton (Tomb:2)
  A sixfirhy (Hell)
  22 deep elf knights
  5 goliath frogs
  3 wretched stars (Abyss:2)
  A crystal echidna (Hell)
  A deep troll (shapeshifter) (Elf:2)
  3 cherubim (Depths:3)
  A golden dragon zombie (Crypt:1)
  A bunyip zombie (Crypt:1)
  A spectral anaconda (Lair:5)
  24 mana vipers
  6 arcanists
  9 bog bodies
  2 quicksilver dragon simulacra (Depths:4)
  3 flayed ghosts
  64 deep trolls
  4 spriggan druids
  18 deep elf archers
  6 glowing orange brains
  An orange crystal statue (Hell)
  2 obsidian statues
  A spriggan simulacrum (Crypt:2)
  5 harpies (Vaults:2)
  A bunyip skeleton (Crypt:3)
  22 ironbound convokers
  20 orc knights
  28 deep elf zephyrmancers
  4 swamp dragons
  A golden dragon skeleton (Crypt:3)
  19 necromancers
  21 naga ritualists
  2 anaconda skeletons (Hell)
  27 deep elf pyromancers
  9 lindwurms
  10 phantasmal warriors
  2 fauns (shapeshifter)
  6 large abominations
  2 oklob plants (WizLab)
  Maurice (D:11)
  34 ugly things
  An iron dragon zombie (Vaults:2)
  4 cyclopes
  7 orc sorcerers
  14 salamanders
  5 kobold blastminers (Orc:2)
  A worldbinder (Abyss:2)
  9 shining eyes
  A stone giant zombie (Vaults:2)
  2 moths of wrath (Lair:5)
  A cyclops (shapeshifter) (Vaults:5)
  A manticore (D:14)
  6 will-o-the-wisps
  An apocalypse crab (Abyss:2)
  2 iron dragon skeletons (Crypt:3)
  8 smoke demons
  48 black mambas
  6 guardian serpents
  5 toenail golems (Volcano)
  20 vault sentinels
  4 molten gargoyles (Hell)
  23 elephants
  An eye of devastation (shapeshifter) (Depths:4)
  3 eyes of devastation
  2 rust devils (Abyss:2)
  A storm dragon simulacrum (Crypt:2)
  2 ice statues
  18 naga magi
  A gargoyle (D:10)
  2 orange demons (Hell)
  9 cane toads
  A dire elephant skeleton (Lair:5)
  Maggie (Lair:2)
  3 hellions
  2 unseen horrors
  12 komodo dragons
  A mana viper skeleton (Crypt:2)
  An unseen horror zombie (Crypt:2)
  28 yaktaurs
  3 rime drakes
  2 efreet
  9 freezing wraiths
  4 kobold demonologists
  7 ice devils
  2 sea snake zombies (Hell)
  2 polar bears (shapeshifter)
  A grey draconian skeleton (Crypt:1)
  A tormentor (Depths:2)
  6 tengu conjurers
  2 red devils (Hell)
  3 ancient zymes (Abyss:2)
  7 guardian mummies
  9 trolls
  3 harpy zombies
  6 tyrant leeches
  5 polar bears
  A bloated husk (Swamp:2)
  11 hornets
  2 hydra zombies (Hell)
  An ettin zombie (Crypt:3)
  11 blink frogs
  A hydra skeleton (Hell)
  3 glass eyes
  A fire dragon zombie (Crypt:3)
  2 raiju (Abyss:2)
  A boulder beetle zombie (Crypt:2)
  2 shadows (D:10)
  5 dream sheep (Lair:5)
  92 slime creatures
  22 water elementals
  A vampire (D:12)
  6 air elementals
  9 wraiths
  7 wyverns
  54 yaks
  An ice dragon skeleton (Crypt:2)
  A ynoxinul (Abyss:2)
  2 ushabtiu (Tomb:1)
  A hog (Lair:3)
  2 fire bats (Depths:3)
  5 wargs
  3 fire elementals
  6 golden eyes
  2 basilisks (Lair:4)
  21 humans
  3 steam dragons
  15 vampire mosquitoes
  A sea snake simulacrum (Hell)
  A chaos spawn (Abyss:2)
  Edmund (D:5)
  12 swamp worms
  2 harpy simulacra (Crypt:2)
  2 death yak simulacra (Lair:5)
  52 nagas
  A spectral cane toad (Lair:5)
  A swamp worm (shapeshifter) (Vaults:5)
  21 water moccasins
  An acid dragon (D:10)
  An entropy weaver zombie (Crypt:2)
  4 hell hounds
  A skyshark zombie (Crypt:2)
  A naga skeleton (Tomb:2)
  20 orc warriors
  A sky beast (D:7)
  5 swamp drakes
  46 laughing skulls
  6 ettin simulacra
  2 hornet zombies
  7 black bears
  3 ice beasts
  7 ogres
  2 elephant zombies (Lair:5)
  2 boggarts (Vaults:2)
  7 wolves
  6 centaurs
  2 elephant skeletons (Lair:5)
  3 elf zombies (Elf:1)
  2 weeping skulls
  8 kobold brigands
  12 bullfrogs
  A cyclops zombie (Crypt:1)
  4 earth elementals
  5 small abominations (Abyss:2)
  5 gnoll sergeants
  2 scorpions
  A cane toad simulacrum (Lair:5)
  A wyvern zombie (D:7)
  5 wights
  13 killer bees
  3 elephant simulacra (Lair:5)
  An electric eel (D:9)
  4 howler monkeys
  2 bombardier beetles
  2 bullfrog zombies (D:7)
  A centaur zombie (D:7)
  9 hounds
  3 human zombies
  3 jellies
  2 centaur skeletons
  22 orc priests
  2 sleepcaps (D:6)
  3 gnoll boudas
  Terence (D:3)
  3 iguanas
  27 orc wizards
  A killer bee zombie (D:7)
  2 naga zombies
  An acid dragon skeleton (Crypt:1)
  12 mummies
  40 gnolls
  A howler monkey skeleton (Crypt:2)
  6 adders
  A shadow imp (D:6)
  A white imp (D:5)
  4 ufetubi
  4 ribbon worms
  3 dart slugs
  106 orcs
  5 ball pythons
  9 bats
  6 endoplasms
  4 giant cockroaches
  7 goblins
  10 hobgoblins
  2 jackals (D:4)
  3 quokkas
  5 frilled lizards
  53 kobolds
  5 rats
  2 spectral weapons
2659 creatures vanquished.

Vanquished Creatures (collateral kills)
  A sphinx (Tomb:1)
  3 acid blobs (Slime:5)
  3 azure jellies (Slime:5)
  A frost giant (Depths:2)
  An orc warlord (Vaults:3)
  A green draconian (Depths:4)
  2 red draconians (Depths:4)
  A bennu (Tomb:2)
  A green death (Abyss:2)
  An eidolon (Crypt:2)
  A vault guard (Vaults:5)
  A centaur warrior (Vaults:2)
  A tengu warrior (D:14)
  A death scarab (Tomb:1)
  A vampire mage (Crypt:2)
  A hell knight (Hell)
  A wretched star (Abyss:2)
  2 deep trolls (Vaults:1)
  2 naga ritualists (Snake:2)
  2 orc knights
  A gargoyle (D:12)
  A smoke demon (Abyss:2)
  A kobold demonologist (D:12)
  A tengu conjurer (D:14)
  A red devil (Abyss:2)
  A guardian mummy (Tomb:2)
  A hornet (D:10)
  A shadow (D:10)
  A yak (D:10)
  A human (D:13)
  A killer bee (D:10)
  A mummy (Tomb:2)
  A white imp (Abyss:2)
  An orc (D:10)
42 creatures vanquished.

Vanquished Creatures (others)
  2 vault guards (Vaults:5)
  An occultist (Volcano)
  A hell knight (Hell)
  A deep troll (Depths:2)
  A deep elf zephyrmancer (Elf:3)
  A yaktaur (Vaults:2)
  A shadow dragon simulacrum (Crypt:2)
  4 bloated husks
  A human (Lair:3)
  4 swamp drakes (Swamp:4)
  A boggart (Vaults:2)
  2 ettin simulacra (Depths:4)
  A bullfrog (Lair:3)
  An orc (Orc:1)
  42 foxfires
  2 lurking horrors (Abyss:2)
  2 starspawn tentacles (Abyss:2)
68 creatures vanquished.

Grand Total: 2769 creatures vanquished

Notes
Turn   | Place    | Note
-------+----------+-------------------------------------------
     0 | D:1      | jfitz the Minotaur Berserker began the quest for the Orb.
     0 | D:1      | Reached XP level 1. HP: 19/19 MP: 0/0
   161 | D:1      | Reached XP level 2. HP: 24/27 MP: 1/1
   624 | D:1      | Reached XP level 3. HP: 33/33 MP: 2/2
  1040 | D:2      | Reached ** piety under Trog
  1301 | D:3      | Found Tyfeuv's Assorted Antiques.
  1305 | D:3      | Bought a scroll labelled MUPNIQINUAWK for 23 gold pieces
  1305 | D:3      | Bought a glowing ruby potion for 20 gold pieces
  1422 | D:3      | Reached XP level 4. HP: 33/40 MP: 3/3
  1463 | D:3      | Found an ornate altar of the Wu Jian Council.
  1498 | D:3      | Reached skill level 5 in Axes
  2116 | D:3      | Reached XP level 5. HP: 47/47 MP: 4/4
  2120 | D:3      | Noticed Terence
  2123 | D:3      | Killed Terence
  2349 | D:3      | Reached skill level 1 in Shields
  2353 | D:3      | Reached XP level 6. HP: 49/55 MP: 5/5
  2563 | D:3      | Reached *** piety under Trog
  2616 | D:3      | Reached skill level 5 in Fighting
  3062 | D:4      | Found a blossoming altar of Fedhas.
  3129 | D:4      | Found a shadowy altar of Dithmenos.
  3132 | D:4      | Found a transporter.
  3151 | D:4      | Found a transporter.
  3189 | D:4      | Found a shimmering blue altar of Sif Muna.
  3240 | D:4      | Found a staircase to the Ecumenical Temple.
  3308 | D:4      | Reached XP level 7. HP: 59/61 MP: 6/6
  3667 | D:5      | Entered Level 5 of the Dungeon
  3676 | D:5      | Reached skill level 1 in Stealth
  3748 | D:5      | Reached **** piety under Trog
  4424 | D:5      | Reached skill level 5 in Armour
  4677 | D:5      | Noticed Edmund
  4687 | D:5      | Killed Edmund
  4688 | D:5      | Reached XP level 8. HP: 59/70 MP: 7/7
  4909 | D:5      | Found a bloodstained altar of Trog.
  4909 | D:5      | Found a stormy altar of Qazlal.
  5783 | D:7      | Found Xafilus's Antique Armour Shop.
  5784 | D:7      | Found Kystaruy's Magic Scroll Shop.
  5784 | D:7      | Found Komeariur's Antique Weapon Shop.
  5787 | D:7      | Found Nanouz's Antique Weapon Shop.
  5830 | D:7      | Bought a pair of embroidered boots for 202 gold pieces
  6168 | D:7      | Reached XP level 9. HP: 62/78 MP: 8/8
  6270 | D:7      | Reached skill level 10 in Axes
  6274 | D:7      | Reached skill level 5 in Dodging
  6351 | D:7      | Found a basalt altar of Yredelemnul.
  6456 | D:7      | Reached ***** piety under Trog
  6659 | D:8      | Found a shimmering altar of Xom.
  6828 | D:8      | Reached skill level 1 in Throwing
  7182 | D:9      | Noticed a troll
  7194 | D:9      | Killed a troll
  7216 | D:9      | Reached XP level 10. HP: 86/86 MP: 9/9
  7249 | D:9      | Reached skill level 5 in Shields
  7288 | D:9      | Found a staircase to the Lair.
  7379 | D:9      | Noticed a boulder beetle
  7442 | D:9      | Killed a boulder beetle
  7904 | D:9      | Found a glowing golden altar of the Shining One.
  8200 | D:9      | Found a hide-covered altar of Uskayaw.
  8331 | D:10     | Entered Level 10 of the Dungeon
  8456 | D:10     | Noticed a two-headed ogre
  8463 | D:10     | Killed a two-headed ogre
  8464 | D:10     | Reached XP level 11. HP: 66/97 MP: 10/10
  8494 | D:10     | Paralysed by a hornet for 2 turns
  8785 | D:10     | Identified the +9 spear of Extermination {freeze, rCorr}
  8861 | D:10     | Noticed a two-headed ogre
  8861 | D:10     | Noticed a two-headed ogre
  8869 | D:10     | Killed a two-headed ogre
  8879 | D:10     | Killed a two-headed ogre
  8968 | D:10     | Received a gift from Trog
  8975 | D:10     | Noticed a centaur warrior
  8978 | D:10     | Killed a centaur warrior
  8989 | D:10     | Reached skill level 15 in Axes
  9006 | D:10     | Identified the +4 falchion of a Million People {flame,
                  | rCorr Int+5 Dex+3}
  9008 | D:10     | Identified the staff "Nanil" {*Corrode rPois Str+5 Int+4
                  | Alchemy}
  9114 | D:10     | Noticed a two-headed ogre
  9118 | D:10     | Reached skill level 10 in Fighting
  9123 | D:10     | Killed a two-headed ogre
  9372 | D:10     | Reached skill level 10 in Armour
  9864 | D:11     | Noticed Erolcha
  9864 | Abyss:2  | Cast into level 2 of the Abyss (Erolcha)
  9868 | Abyss:2  | Noticed a thrashing horror
  9883 | Abyss:2  | Killed a thrashing horror
  9902 | Abyss:2  | Noticed a starcursed mass
  9920 | Abyss:2  | Killed a starcursed mass
  9921 | Abyss:2  | Reached XP level 12. HP: 66/110 MP: 3/11
 10023 | Abyss:2  | Noticed a green death
 10033 | Abyss:2  | Killed a green death
 10124 | D:11     | Escaped the Abyss
 10132 | D:11     | Killed Erolcha
 10244 | D:11     | Identified a scroll of acquirement
 10244 | D:11     | Acquired the -2 hat of the Alchemist {rElec rPois rF+ rC+
                  | rN+ Will+ rMut rCorr}
 10244 | D:11     | Found the -2 hat of the Alchemist {rElec rPois rF+ rC+ rN+
                  | Will+ rMut rCorr}
 10539 | D:11     | Found a staircase to the Orcish Mines.
 10562 | D:11     | Received a gift from Trog
 10814 | D:11     | Noticed Maurice
 10827 | D:11     | Killed Maurice
 11139 | D:12     | Noticed a boulder beetle
 11151 | D:12     | Killed a boulder beetle
 11231 | D:12     | Found Esch's Magic Scroll Emporium.
 11235 | D:12     | Bought 2 scrolls of enchant weapon for 150 gold pieces
 11235 | D:12     | Bought 2 scrolls of identify for 40 gold pieces
 11235 | D:12     | Bought a scroll of identify for 20 gold pieces
 11338 | D:12     | Reached XP level 13. HP: 119/119 MP: 4/12
 11348 | D:12     | Upgraded the game from 0.32-a0-411-g744942f433 to
                  | 0.32-a0-422-g28b100f618
 12447 | D:13     | Noticed Nessos
 12447 | D:13     | Noticed Rupert
 12447 | D:13     | Found a gate to the Vaults.
 12466 | D:12     | Reached skill level 10 in Shields
 12466 | D:12     | Killed Rupert
 13052 | D:13     | Killed Nessos
 13129 | D:13     | Noticed a stone giant
 13148 | D:13     | Killed a stone giant
 13398 | D:13     | Identified the ring of Jistre {Fly Will+}
 13527 | D:13     | Reached XP level 14. HP: 133/133 MP: 4/13
 14330 | D:14     | Reached skill level 15 in Fighting
 14470 | D:14     | Received a gift from Trog
 14652 | D:14     | Identified the ring of Xom's Malicious Joy {rElec rN+ AC+4
                  | Str-2 Int+3}
 15400 | D:15     | Entered Level 15 of the Dungeon
 16014 | D:15     | Found a staircase to the Depths.
 16431 | Lair:1   | Entered Level 1 of the Lair of Beasts
 16610 | Lair:1   | Found a glowing golden altar of the Shining One.
 16688 | Lair:1   | Identified the +0 ring mail "Cuhash" {Str+7}
 17185 | Lair:2   | Found a staircase to the Snake Pit.
 17232 | Lair:2   | Noticed Erica
 17242 | Lair:2   | Killed Erica
 17484 | Lair:2   | Noticed Gastronok
 17496 | Lair:2   | Killed Gastronok
 17525 | Lair:2   | Found a staircase to the Swamp.
 17597 | Lair:2   | Noticed Maggie
 17604 | Lair:2   | Killed Maggie
 17605 | Lair:2   | Reached XP level 15. HP: 145/145 MP: 14/14
 17948 | Lair:3   | Noticed Kirke
 17957 | Lair:3   | Killed Kirke
 18197 | Lair:3   | Found a dark tunnel.
 18208 | Volcano  | Entered a volcano
 18643 | Lair:3   | Identified the +5 falchion of Iblysus {protect, rElec rC+
                  | Dex+2}
 20245 | Lair:5   | Entered Level 5 of the Lair of Beasts
 20319 | Lair:5   | Found a transporter.
 20324 | Lair:5   | Noticed lunkers's ghost (journeyman CoWn)
 20343 | Lair:5   | Reached skill level 15 in Armour
 20349 | Lair:5   | Killed lunkers's ghost
 20350 | Lair:5   | Found a transporter.
 20477 | Lair:5   | Identified the ring of Gomen {rCorr Dex+4}
 20484 | Lair:5   | Identified the +0 chain mail of the Everdark {-Tele MP+9
                  | Str+5}
 20590 | Lair:5   | Found a staircase to the Slime Pits.
 20591 | Lair:5   | Found a viscous altar of Jiyva.
 20702 | Lair:5   | Reached ****** piety under Trog
 20914 | Lair:5   | Received a gift from Trog
 21175 | Lair:5   | Reached XP level 16. HP: 106/159 MP: 15/15
 22202 | Orc:1    | Entered Level 1 of the Orcish Mines
 22202 | Orc:1    | Found a roughly hewn altar of Beogh.
 22300 | Orc:1    | Identified the +9 hand axe of Agony {flame, rElec} (Trog
                  | gifted it to you on level 1 of the Orcish Mines)
 22300 | Orc:1    | Received a gift from Trog
 22931 | Orc:2    | Entered Level 2 of the Orcish Mines
 23631 | Orc:2    | Received a gift from Trog
 24058 | Orc:2    | Found Sysch's Antique Armour Boutique.
 24058 | Orc:2    | Found Impah's Antique Weapon Shoppe.
 24067 | Orc:2    | Found Bauqinn's Jewellery Boutique.
 24067 | Orc:2    | Found Icaj's Antique Armour Shoppe.
 24139 | Orc:2    | Found a staircase to the Elven Halls.
 24690 | Swamp:1  | Entered Level 1 of the Swamp
 25914 | Swamp:3  | Noticed a tentacled monstrosity
 25920 | Swamp:3  | Killed a tentacled monstrosity
 25924 | Swamp:3  | Identified the +6 hand axe of Exquisite Death {flame, rC+}
                  | (Trog gifted it to you on level 3 of the Swamp)
 25924 | Swamp:3  | Received a gift from Trog
 25926 | Swamp:3  | Noticed Louise
 26122 | Swamp:3  | Killed Louise
 26531 | Swamp:4  | Entered Level 4 of the Swamp
 26927 | Swamp:4  | Reached XP level 17. HP: 92/170 MP: 16/16
 27207 | Swamp:4  | Identified the ring "Cyid" {Ice ^Drain rElec rN++ SInv}
 28707 | Swamp:4  | Got a decaying rune of Zot
 28880 | Snake:1  | Entered Level 1 of the Snake Pit
 28912 | Snake:1  | Found a runed translucent door.
 29033 | Snake:1  | Found Nufyan's Armour Shop.
 29040 | Snake:1  | Found Zoalithraeb's Jewellery Boutique.
 29243 | Snake:1  | Noticed Qanoask's ghost (journeyman OnGl)
 29302 | Snake:1  | Killed Qanoask's ghost
 30345 | Snake:2  | Found Xofyqi's General Store.
 30458 | Snake:2  | Found a runed translucent door.
 30478 | Snake:2  | Received a gift from Trog
 30491 | Snake:2  | HP: 8/172 [naga ritualist/Olgreb's Toxic Radiance (2)]
 31542 | Elf:1    | Entered Level 1 of the Elven Halls
 31544 | Elf:1    | Paralysed by an air elemental for 1 turns
 31627 | Elf:1    | Found Sill's Antique Armour Shoppe.
 31686 | Elf:1    | Bought an embroidered scarf for 328 gold pieces
 31799 | Elf:1    | Found Waytza's Assorted Antiques.
 31805 | Elf:1    | Found Ennicwix's Distillery.
 31807 | Elf:1    | Bought a potion of haste for 340 gold pieces
 31807 | Elf:1    | Bought a scroll of enchant weapon for 255 gold pieces
 31807 | Elf:1    | Bought a potion of curing for 102 gold pieces
 31807 | Elf:1    | Bought a scroll of enchant weapon for 255 gold pieces
 31817 | Elf:1    | Bought 2 potions of curing for 96 gold pieces
 31817 | Elf:1    | Bought a potion of resistance for 160 gold pieces
 31817 | Elf:1    | Bought a potion of resistance for 160 gold pieces
 31817 | Elf:1    | Bought a potion of heal wounds for 80 gold pieces
 31938 | Elf:1    | Found Ynudywk's Book Shop.
 31938 | Elf:1    | Found Relaoroi's Jewellery Boutique.
 31942 | Elf:1    | Found Rotichur's Jewellery Shop.
 32011 | Elf:1    | Received a gift from Trog
 32193 | Elf:1    | Reached XP level 18. HP: 182/182 MP: 17/17
 32315 | Elf:1    | Noticed Nikola
 32323 | Elf:1    | Killed Nikola
 32342 | Elf:1    | Paralysed by an air elemental for 1 turns
 32479 | Elf:1    | Found Kelog's Magic Scroll Boutique.
 32485 | Elf:1    | Bought a scroll of enchant armour for 82 gold pieces
 32485 | Elf:1    | Bought a scroll of teleportation for 33 gold pieces
 32485 | Elf:1    | Bought a scroll of teleportation for 33 gold pieces
 32879 | Elf:2    | Noticed Roxanne
 32894 | Elf:2    | Killed Roxanne
 33426 | Elf:2    | Found a runed translucent gate.
 33427 | Elf:2    | Found a runed translucent gate.
 33428 | Elf:2    | Found a runed translucent gate.
 33429 | Elf:2    | Noticed Tang's ghost (adept CoAl)
 33436 | Elf:2    | Found an iron altar of Okawaru.
 33454 | Elf:2    | Killed Tang's ghost
 33770 | Elf:2    | Identified the +1 leather armour "Fol Yrgh" {^Drain rF+
                  | Dex+2}
 33812 | Elf:2    | Received a gift from Trog
 33828 | Elf:2    | Noticed an Ice Fiend
 33830 | Elf:2    | Noticed a Hell Sentinel
 34093 | Elf:2    | Identified the serpent talisman of the Sacrificial Victim
                  | {rN+ Int+5 Dex+3}
 34093 | Elf:2    | Noticed Aizul
 34101 | Elf:2    | Killed Aizul
 34236 | Elf:2    | Found a runed translucent gate.
 34236 | Elf:2    | Found a runed translucent gate.
 34236 | Elf:2    | Found a runed translucent gate.
 35209 | Elf:3    | Entered Level 3 of the Elven Halls
 35212 | Elf:3    | Received a gift from Trog
 35395 | Elf:3    | Reached XP level 19. HP: 182/195 MP: 18/18
 35637 | Elf:3    | Found Hisyab's Magic Scroll Boutique.
 35645 | Elf:3    | Bought a scroll of teleportation for 54 gold pieces
 35645 | Elf:3    | Bought a scroll of teleportation for 54 gold pieces
 35751 | Elf:3    | Paralysed by an air elemental for 1 turns
 36077 | Elf:3    | Identified the +6 war axe of Sunlight {freeze, rF+}
 36077 | Elf:3    | Identified the +1 robe of Knowledge {Str+3}
 36086 | Elf:3    | Noticed a Brimstone Fiend
 36573 | Elf:3    | Identified the +7 morningstar of the Swamp {spect, rPois
                  | rC+ Int+2}
 36574 | Elf:3    | Identified the +4 spear of Hepliaklqana's Grace {freeze,
                  | rPois rN+++ Dex-5}
 36576 | Elf:3    | Reached skill level 27 in Axes
 36586 | Elf:3    | Identified the ring "Fafeeffa" {Fire Str+2 Int+5 SInv}
 36589 | Elf:3    | Noticed a Brimstone Fiend
 36819 | Elf:3    | Gained mutation: Armour fits poorly on your strangely
                  | shaped body. [a cacodemon]
 36821 | Abyss:2  | Cast into level 2 of the Abyss (a deep elf demonologist)
 36976 | Abyss:2  | Received a gift from Trog
 37032 | Abyss:2  | Noticed a pearl dragon
 37050 | Abyss:2  | Killed a pearl dragon
 37064 | Abyss:2  | HP: 5/192 [starcursed mass/accursed screaming (8)]
 37233 | Elf:3    | Escaped the Abyss
 37235 | Elf:3    | Noticed a Tzitzimitl
 38762 | Elf:3    | Received a gift from Trog
 38767 | Elf:3    | Identified the +1 morningstar of the Grey Skies {vamp,
                  | Will++}
 39048 | Elf:3    | Found the +3 pair of gauntlets of War {Slay+5}
 39066 | Elf:3    | Identified the staff of Amacsa {rF+ Str+3 Dex+4 Tloc Fire}
 39101 | Elf:3    | Identified the +3 ring mail of Surprise {Int+6 Dex-5}
 41015 | Snake:3  | Reached XP level 20. HP: 199/209 MP: 19/19
 41348 | Snake:3  | Lost mutation: Armour fits poorly on your strangely shaped
                  | body. [potion of mutation]
 41348 | Snake:3  | Gained mutation: You expend magic power (3 MP) to
                  | strengthen your wands. [potion of mutation]
 41348 | Snake:3  | Gained mutation: Your movements are slightly less
                  | encumbered by armour. (ER -2) [potion of mutation]
 41548 | Snake:4  | Entered Level 4 of the Snake Pit
 41990 | Snake:4  | Identified the +4 great sword "Zauplon" {heavy, +Blink
                  | Will+ Int+3}
 42361 | Snake:4  | Received a gift from Trog
 42699 | Snake:4  | Got a serpentine rune of Zot
 43835 | Elf:3    | Bought a scroll of identify for 36 gold pieces
 44193 | Slime:1  | Entered Level 1 of the Pits of Slime
 44426 | Slime:2  | Noticed Dissolution
 44431 | Slime:2  | Killed Dissolution
 44467 | Slime:1  | Gained mutation: You are frail. (-10% HP) [a shining eye]
 45509 | Slime:4  | Received a gift from Trog
 45562 | Slime:4  | Reached skill level 27 in Fighting
 45720 | Slime:3  | Reached XP level 21. HP: 201/201 MP: 20/20
 46135 | Slime:5  | Entered Level 5 of the Pits of Slime
 46135 | Slime:5  | Found the ring of the Mage {Wiz Archmagi}
 46300 | Slime:5  | Gained mutation: You sometimes lose your temper in combat.
                  | [a shining eye]
 46330 | Slime:5  | Noticed the Royal Jelly
 46349 | Slime:5  | Killed the Royal Jelly
 46577 | Slime:5  | Paralysed by a formless jellyfish for 1 turns
 46581 | Slime:5  | Received a gift from Trog
 46720 | Slime:5  | Found the +8 pair of quick blades "Gyre" and "Gimble"
                  | {protect}
 46732 | Slime:5  | Identified the +2 dagger "Hoada" {flame, Str+2}
 46810 | Slime:5  | Identified the +1 halberd of Ru's Wrath {elec, Str+3}
 46871 | Slime:5  | Identified the ring "Oroikk" {rN+ Will- Int+3}
 46877 | Slime:5  | Got a slimy rune of Zot
 47720 | Vaults:1 | Entered Level 1 of the Vaults
 47783 | Depths:1 | Entered Level 1 of the Depths
 48717 | Vaults:1 | Received a gift from Trog
 49011 | Lair:1   | Lost mutation: You sometimes lose your temper in combat.
                  | [potion of mutation]
 49011 | Lair:1   | Lost mutation: You are frail. (-10% HP) [potion of
                  | mutation]
 49011 | Lair:1   | Lost mutation: You expend magic power (3 MP) to strengthen
                  | your wands. [potion of mutation]
 49011 | Lair:1   | Gained mutation: You have sharp fingernails. [potion of
                  | mutation]
 49011 | Lair:1   | Gained mutation: You are vulnerable to heat. (rF-) [potion
                  | of mutation]
 49946 | Vaults:2 | Reached skill level 10 in Dodging
 50264 | Vaults:2 | Received a gift from Trog
 50414 | Vaults:2 | Found Sije's Antique Weapon Shoppe.
 50422 | Vaults:2 | Bought a glowing hand cannon for 195 gold pieces
 50499 | Vaults:2 | Reached XP level 22. HP: 233/233 MP: 21/21
 50615 | Vaults:2 | Found Gieg's Weapon Shop.
 50929 | Vaults:2 | Received a gift from Trog
 51352 | Vaults:2 | Identified the +0 hat "Ecolag" {rC- Int+6 Dex+3 Stlth+}
 51369 | Vaults:2 | Found a radiant altar of Vehumet.
 51382 | Vaults:2 | Identified the +0 hat of Opluon {rF+ rC+ Stlth-}
 51573 | Vaults:3 | Found a staircase to the Crypt.
 51910 | Vaults:3 | Reached skill level 5 in Stealth
 52231 | Vaults:3 | Received a gift from Trog
 52481 | Vaults:3 | Found a roughly hewn altar of Beogh.
 52994 | Vaults:3 | Reached skill level 27 in Armour
 53198 | Vaults:4 | Received a gift from Trog
 53467 | Vaults:4 | Found Ytreth's Magic Scroll Shop.
 53476 | Vaults:4 | Bought a scroll of teleportation for 42 gold pieces
 53476 | Vaults:4 | Bought a scroll of blinking for 105 gold pieces
 53476 | Vaults:4 | Bought a scroll of teleportation for 42 gold pieces
 53883 | Vaults:4 | Reached XP level 23. HP: 240/240 MP: 22/22
 54316 | Vaults:4 | Received a gift from Trog
 54446 | Vaults:4 | Identified the +1 dagger of Xarhyinuon {venom, rElec Str+3}
 54660 | Vaults:5 | Entered Level 5 of the Vaults
 54661 | Vaults:5 | Identified the +4 robe of the Eagle {rN+ Regen+ Int+2}
 54661 | Vaults:5 | Noticed Boris
 54901 | Vaults:5 | Reached skill level 15 in Dodging
 54910 | Vaults:5 | Identified the +10 dagger of the Dwarven Hall {flame, rF+}
 55145 | Vaults:5 | Received a gift from Trog
 55156 | Vaults:4 | Killed Boris
 55318 | Vaults:5 | Noticed a dread lich
 55460 | Vaults:5 | Killed a dread lich
 55784 | Vaults:5 | Noticed a dread lich
 55794 | Vaults:5 | Killed a dread lich
 55808 | Vaults:5 | Noticed an ancient lich
 56003 | Vaults:5 | Killed an ancient lich
 56003 | Vaults:5 | Received a gift from Trog
 56848 | Vaults:5 | Identified the +5 ring mail "Ijeethy" {Dex+3}
 56979 | Vaults:5 | Got a silver rune of Zot
 56992 | Vaults:5 | Identified the staff of Satoiw {rPois rC+ Str-2 Conj}
 57057 | Vaults:5 | Identified the +0 leather armour of the Gate {rF+ rC- rCorr
                  | SInv}
 57091 | Vaults:5 | Reached XP level 24. HP: 233/249 MP: 21/22
 57160 | Vaults:5 | Identified the amulet of Ufaaneck {Rampage rElec Regen+}
 57161 | Vaults:5 | Identified the ring of Nolur {rN+ Dex+2}
 57217 | Vaults:5 | Identified the +1 ring mail of Perfidy {Dex+3}
 57264 | Vaults:5 | Found the +5 Storm Queen's Shield {shock, Fly rElec}
 57618 | Vaults:5 | Identified the staff of the Throat {rC+ Str+3 Ice}
 57621 | Vaults:5 | Identified the +4 ring mail of Beloved Contentment {Harm
                  | rElec rC++ Dex-4}
 57698 | Vaults:5 | Identified the ring of Hyowuo Cagi {rC+ Will+ Str+4 Dex-4}
 58479 | Crypt:1  | Entered Level 1 of the Crypt
 58501 | Crypt:1  | Received a gift from Trog
 58725 | Crypt:1  | Found a magical portal.
 58729 | Crypt:1  | Noticed Grunn
 58741 | Crypt:1  | Killed Grunn
 58818 | WizLab   | Entered Eringya's Formal Garden
 58886 | WizLab   | Received a gift from Trog
 58961 | WizLab   | Found a blossoming altar of Fedhas.
 59216 | WizLab   | Reached skill level 10 in Stealth
 59485 | Crypt:1  | Acquired 797 gold pieces
 60082 | Elf:1    | Bought the dreamshard necklace {Acrobat *Dream} for 3000
                  | gold pieces
 60082 | Elf:1    | Found the dreamshard necklace {Acrobat *Dream}
 60515 | Crypt:2  | Noticed Donald
 60520 | Crypt:2  | Killed Donald
 60520 | Crypt:2  | Received a gift from Trog
 60529 | Crypt:2  | Identified the ring of Jyureu {Ice *Slow rCorr Int+2
                  | Stlth+}
 60529 | Crypt:2  | Noticed Josephina
 60544 | Crypt:2  | Killed Josephina
 61572 | Crypt:3  | Entered Level 3 of the Crypt
 61710 | Crypt:3  | Received a gift from Trog
 62110 | Crypt:3  | Reached XP level 25. HP: 246/257 MP: 22/22
 62344 | Crypt:3  | Found an ancient bone altar of Kikubaaqudgha.
 62352 | Crypt:3  | Found the +8 demon blade "Leech" {evervamp, Harm ^Drain
                  | rN+}
 62405 | Crypt:3  | Found a staircase to the Tomb.
 62501 | Crypt:3  | Noticed a dread lich
 62508 | Crypt:3  | Killed a dread lich
 62888 | Depths:1 | Received a gift from Trog
 62928 | Depths:1 | You are sucked into a shaft and drop 1 floor!
 63127 | Depths:2 | Identified the +9 rapier of Analysis {venom, Stlth+}
 63294 | Depths:1 | Found an iron altar of Okawaru.
 63335 | Depths:1 | Identified the +0 scale mail of the Constellations {Will-
                  | Str+3}
 63455 | Depths:1 | Found a glowing silver altar of Zin.
 63474 | Depths:1 | Found a gateway to Hell.
 63987 | Depths:2 | Identified the +2 robe of the Date {rPois}
 63987 | Depths:2 | Noticed Boris
 64000 | Depths:2 | Killed Boris
 64000 | Depths:2 | Received a gift from Trog
 64119 | Depths:2 | Identified the +1 robe of Valiance {Harm rElec rC- MP+9}
 64175 | Depths:2 | Found a stormy altar of Qazlal.
 64323 | Depths:2 | Found a one-way gate leading to the halls of Pandemonium.
 64507 | Depths:2 | Found Seutois's Armour Boutique.
 64591 | Depths:2 | Acquired a manual of Stealth
 64647 | Depths:3 | Found a basalt altar of Yredelemnul.
 65025 | Tomb:1   | Entered Level 1 of the Tomb of the Ancients
 65474 | Tomb:1   | Received a gift from Trog
 65575 | Tomb:1   | Reached XP level 26. HP: 236/260 MP: 22/22
 65577 | Tomb:1   | Noticed a royal mummy
 65588 | Tomb:1   | Killed a royal mummy
 66728 | Hell     | Entered the Vestibule of Hell
 66728 | Hell     | Noticed Geryon
 67139 | Hell     | Reached skill level 15 in Stealth
 67235 | Hell     | Noticed Murray
 67249 | Depths:1 | Killed Murray
 67730 | Hell     | Killed Geryon
 67768 | Hell     | Received a gift from Trog
 68148 | Hell     | Found a gateway to the freezing wastes of Cocytus.
 68205 | Hell     | Found a gateway to the Iron City of Dis.
 68267 | Hell     | Found a gateway to the ashen valley of Gehenna.
 68379 | Hell     | Found a gateway to the decaying netherworld of Tartarus.
 68604 | Depths:3 | Received a gift from Trog
 69060 | Depths:3 | Reached skill level 27 in Dodging
 69103 | Depths:3 | Found a one-way gate to the infinite horrors of the Abyss.
 69372 | Depths:4 | Entered Level 4 of the Depths
 69442 | Depths:4 | Received a gift from Trog
 69606 | Depths:4 | Found a basalt altar of Yredelemnul.
 69807 | Depths:4 | Reached XP level 27. HP: 238/273 MP: 22/22
 69903 | Depths:4 | Identified the staff of Dominance {rC+++ Int+4 Conj}
 69966 | Depths:4 | Found a gate to the Realm of Zot.
 70091 | Depths:4 | Found a blossoming altar of Fedhas.
 70092 | Depths:4 | Found a one-way gateway to a ziggurat.
 70197 | Depths:4 | Identified the +10 plate armour of the Rescuing Gods
                  | {Dex+3}
 70206 | Depths:4 | Found an opulent altar of Gozag.
 70487 | Depths:4 | Found a glowing silver altar of Zin.
 71038 | Coc:1    | Entered Level 1 of Cocytus
 71252 | Lair:1   | Lost mutation: Your movements are slightly less encumbered
                  | by armour. (ER -2) [potion of mutation]
 71252 | Lair:1   | Lost mutation: You have sharp fingernails. [potion of
                  | mutation]
 71252 | Lair:1   | Gained mutation: You have a pair of large horns on your
                  | head. [potion of mutation]
 72983 | Crypt:2  | Received a gift from Trog
 73200 | Dis:1    | Entered Level 1 of the Iron City of Dis
 73711 | Tomb:2   | Noticed a royal mummy
 73711 | Tomb:2   | Noticed a royal mummy
 73711 | Tomb:2   | Noticed a royal mummy
 73711 | Tomb:2   | Noticed a royal mummy
 73720 | Tomb:2   | Killed a royal mummy
 73725 | Tomb:2   | HP: 8/409 [royal mummy/divine providence (14)]
 73730 | Tomb:2   | HP: 9/409 [royal mummy (5)]
 73731 | Tomb:2   | Killed a royal mummy
 73734 | Tomb:2   | HP: 1/388 [royal mummy/divine providence (7)]
 73736 | Tomb:2   | Mangled by a death scarab

Illustrated notes

Levels and vault maps discovered:
D:1:      evilmike_arrival_crescent, layout_loops_ring
D:2:      layout_basic
D:3:      minmay_goblin_kobold_castle, layout_loops_corners,
          mainiacjoe_overflow_paths, serial_shops, shop, uniq_terence
D:4:      gammafunk_steamed_eel, layout_basic, fedhas_altar_1,
          overflow_temple_1_default, nicolae_dithmenos_shadow_blocks,
          minmay_temple_entry_trees, minmay_goblin_outpost
D:5:      layout_loops_ring, nicolae_overflow_hidden_temple, uniq_edmund
D:6:      layout_loops_ring
D:7:      layout_loops_cross, lemuel_mausoleum_altar_yredelemnul,
          minmay_shop_grid_forest
D:8:      layout_cave_pools, brannock_xom_greatest_gift
D:9:      minmay_angry_zag, layout_basic, mainiacjoe_overflow_surrounded_room,
          nicolae_uskayaw_dance_studio, erik_lair_island
D:10:     minmay_the_grid_3x3 [minmay_the_grid_slots,
          minmay_the_grid_broken_lines, minmay_the_grid_minigrid_medium,
          minmay_the_grid_x, minmay_the_grid_aliased_spiral,
          minmay_the_grid_spin_star, minmay_the_grid_plusring,
          minmay_the_grid_garden, minmay_the_grid_prize_diamond_cup],
          layout_long_grid
D:11:     layout_gridville, hiddenorc2_lemuel, uniq_maurice, uniq_erolcha
D:12:     cheibrodos_tormentor_scu, layout_irregular_city, serial_shops,
          nicolae_shop_rolled_up
D:13:     cheibrodos_monumental, layout_basic, david_vaults_3,
          kennysheep_doodads
D:14:     layout_roguey, nicolae_benzene_ring
D:15:     grunt_enter_depths_hoard, layout_cave_pools, serial_bayou,
          serial_bayou_shore_b, serial_bayou_lagoon_a, serial_bayou_shore_b,
          serial_bayou_pond_c
Lair:1:   wad_woods_stonehenge, layout_long_grid
Lair:2:   layout_loops_ring, mainiacjoe_swamp_entry_lozenge_pond,
          dummy_snake_entry, grunt_megastairs_2, uniq_erica, uniq_maggie,
          uniq_gastronok
Lair:3:   layout_chaotic_city, enter_volcano_2, serial_bayou_shore_b, uniq_kirke
Lair:4:   layout_layer_cave
Lair:5:   due_jungle_book, layout_concentric_octagons, slime_entry_1,
          gammafunk_ghost_berserking_beasts
Swamp:1:  layout_basic_swamp, nicolae_swamp_reclaimed_castle, swamp_pool_1_2
Swamp:2:  layout_basic_swamp, evilmike_swamp_ruin_house_6,
          infiniplex_staircase_pool
Swamp:3:  layout_basic_swamp, evilmike_swamp_ruin_rubble_1, uniq_louise
Swamp:4:  swamp_fiery, layout_basic_swamp, hangedman_swamp_blocks
Snake:1:  layout_onion, hellmonk_ghost_happy_afterlife, abandoned_shop,
          minmay_shoptagon
Snake:2:  cheibrodos_toxic_ritual, layout_gridlike, serial_shops,
          shop_fountains, serial_library, serial_library_hellmonk_room_a,
          serial_library_regret_index_branch_corner,
          serial_library_hellmonk_hallway_a,
          serial_library_regret_index_split_case,
          serial_library_hellmonk_filled_rooms,
          serial_library_regret_index_turning, nicolae_elevator_lobby_plus,
          grunt_megastairs_1
Snake:3:  layout_grid_shapes, serial_library_hellmonk_hallway_b,
          nicolae_snake_coiling_death
Snake:4:  hellmonk_snake_rune_quicksilver_temple, layout_cave_town,
          nicolae_snake_naga_rites
Slime:1:  layout_caves
Slime:2:  layout_caves, dissolution_awaits
Slime:3:  layout_caves
Slime:4:  layout_caves
Slime:5:  slime_pit_nicolae_jellycorners
Orc:1:    layout_diamond_mine, basic_altar
Orc:2:    grunt_orc_tribal_feast, layout_caves, blackcustard_mines_bat_river
Elf:1:    nicolae_elf_arrival_aired_out, layout_loops_corners, serial_shops,
          nicolae_shop_pleasant_corner_grove, nicolae_shop_getting_attention,
          shop, shop, minmay_elf_necromancy, minmay_shop_star, uniq_nikola
Elf:2:    nicolae_elf_blades_splatter_lattice
          [nicolae_blade_entry_sentries_behind_glass], layout_gridlike,
          gammafunk_ghost_fury_of_okawaru, uniq_aizul, uniq_roxanne
Elf:3:    elf_hall, layout_loops_cross, serial_shops, shop_fountains,
          minmay_misc_feat_diagonals
Vaults:1: nicolae_vaults_alarming, nicolae_vaults_tetromino_L_2,
          nicolae_vaults_cornered_office, ontoclasm_vaults_claustrophobia,
          dpeg_vaults_monster_row, ontoclasm_vaults_misaligned,
          nicolae_vaults_trapezoid_2, nicolae_vaults_mitosis,
          nicolae_vaults_door_testing_chamber, vaults_room_fancy_cross,
          nicolae_vaults_closet_pinwheel_2, vaults_room_octagon,
          nicolae_vaults_statue_guard, vaults_dpeg_encased_lava,
          layout_vaults_omnicross
Vaults:2: nicolae_vaults_sesquioval_fish,
          nicolae_vaults_taking_the_gang_shopping, grunt_tower_of_power,
          lightli_orcish_oven, v_misc_29, ontoclasm_vaults_decontamination,
          nicolae_vaults_closet_pinwheel_1, layout_vaults_big_room,
          serial_shops, nicolae_shop_trees
Vaults:3: minmay_crypt_entry_nasty_monster, nicolae_vaults_double_plus_2,
          nicolae_vaults_closet_pinwheel_5, nicolae_vaults_triangles,
          nicolae_vaults_border_crossing, nicolae_vaults_mini_display_case,
          lightli_church_of_beogh, ontoclasm_vaults_loading_screen,
          grunt_vaults_trifunnel, v_misc_18, vaults_dpeg_emergency_exit,
          nicolae_vaults_diagonal_hallway_7,
          nicolae_vaults_trapezoid_lopsided_3, layout_vaults_ring
Vaults:4: v_misc_24, vaults_dpeg_hooks, nicolae_vaults_twisting_passages,
          nicolae_vaults_storage_closets_1, nicolae_vaults_apartment_2,
          nicolae_vaults_heart-shaped_vault, hangedman_vaults_stitches,
          nicolae_vaults_shrinking_rooms_1, nicolae_vaults_variable_pillar_hall,
          layout_vaults_omnigrid, serial_shops, nicolae_shop_tiny_waterfront
Vaults:5: uniq_boris
Crypt:1:  layout_rooms, infiniplex_enter_wizlab_glasses, uniq_grunn
Crypt:2:  layout_regular_city, uniq_donald, uniq_josephina
Crypt:3:  cryptofortress_bobbens
Tomb:1
Tomb:2
Depths:1: layout_honeycomb, serial_sigils, serial_sigils_hangedman_leer,
          serial_sigils_hangedman_etch, serial_sigils_hangedman_gut,
          serial_sigils_hangedman_shear, okawaru_gym_becter, hell_entry,
          zin_academy, firewood_loft
Depths:2: wad_courtyard, layout_cave_shapes, serial_column_ruins,
          column_ruins_square_medium, column_ruins_square_medium,
          column_ruins_grid_3, column_ruins_grid_1, column_ruins_open_tiny,
          column_ruins_open_small, column_ruins_open_small,
          column_ruins_corridor_corner, serial_shops, shop,
          rand_demon_pan_entry_3, hangedman_coc_ice_floe, st_stairs_8,
          argonaut_fire_from_heaven
Depths:3: dreamdust_under_siege, layout_basic, hellmouth_3, abyss_entry,
          nicolae_zig_zag_zippers, kennysheep_generic_room_4,
          minmay_staircase_bubble
Depths:4: grunt_profane_halls [grunt_zot_portal, grunt_profane_temple_tar,
          grunt_profane_temple_dis, grunt_profane_temple_geh,
          grunt_profane_temple_coc], pan_entry, abyss_entry, hell_entry
Hell
Dis:1:    layout_subdivisions, lemuel_dis_dragons
Coc:1:    layout_ice_bergs

Skill      XL: |  1  2  3  4  5  6  7  8  9 10 11 12 13 14 15 16 17 18 19 20 21 22 23 24 25 26 27 |
---------------+----------------------------------------------------------------------------------+-----
Axes           | 4 5 6 8 9 12 13 16 19 20 21 22 24 25 26 27 | 27.0
Fighting       | 4 5 6 7 9 11 12 14 16 18 19 21 23 24 27 | 27.0
Dodging        | 3 4 5 6 7 10 13 18 22 25 27 | 27.0
Armour         | 3 4 5 6 7 8 10 11 12 14 15 16 18 20 21 24 27 | 27.0
Shields        | 1 3 4 6 7 9 10 11 | 11.4
Stealth        | 1 2 3 4 6 9 11 14 18 20 | 20.2
Throwing       | 1 2 3 4 |  4.0

Action                     |  1- 3 |  4- 6 |  7- 9 | 10-12 | 13-15 | 16-18 | 19-21 | 22-24 | 25-27 || total
---------------------------+-------+-------+-------+-------+-------+-------+-------+-------+-------++-------
  Melee: Hand axe          |    53 |   146 |    96 |       |       |       |       |       |       ||   295
         Headbutt          |     5 |    25 |    68 |   116 |   198 |   215 |   227 |   320 |   287 ||  1461
         War axe           |       |       |   247 |   247 |       |       |       |       |       ||   494
         Broad axe         |       |       |       |   301 |   270 |       |       |       |       ||   571
         Battleaxe         |       |       |       |       |   530 |     4 |       |       |       ||   534
         Executioner's axe |       |       |       |       |       |  1016 |   961 |  1075 |   908 ||  3960
  Throw: Stone             |     9 |     9 |    17 |    16 |    15 |    30 |     1 |       |       ||    97
 Invoke: Berserk           |       |     3 |     3 |     7 |     8 |     7 |    10 |     9 |     7 ||    54
         Brothers in Arms  |       |       |       |     7 |     2 |     4 |     5 |     5 |     9 ||    32
         Trog's Hand       |       |       |       |     2 |       |     2 |     3 |     1 |     1 ||     9
    Use: Scroll            |       |       |       |    19 |    17 |    16 |     4 |     3 |     9 ||    68
         Potion            |       |       |       |     5 |       |    10 |     6 |     1 |     1 ||    23
   Stab: Distracted        |       |       |       |       |       |       |       |     7 |     4 ||    11
         Sleeping          |       |       |       |       |       |       |       |       |     3 ||     3
 Armour: Animal skin       |    14 |       |       |       |       |       |       |       |       ||    14
         Leather armour    |     6 |     1 |       |       |       |       |       |       |       ||     7
         Ring mail         |       |    64 |    41 |       |       |       |       |       |       ||   105
         Scale mail        |       |       |    64 |       |       |       |       |       |       ||    64
         Plate armour      |       |       |   133 |   346 |   720 |  1080 |   966 |  1072 |   795 ||  5112
         Gold dragon scale |       |       |       |       |       |       |       |       |    44 ||    44
  Dodge: Dodged            |    55 |    81 |   175 |   211 |   381 |   660 |   505 |   680 |   851 ||  3599
  Block: Buckler           |     4 |    38 |   104 |   162 |   102 |       |       |       |       ||   410

Table legend: (Time is in decaauts)
 A = Elapsed time spent in this place.
 B = Non-inter-level travel time spent in this place.
 C = Inter-level travel time spent in this place.
 D = Time resting spent in this place.
 E = Time spent auto-exploring this place.
 F = Levels seen in this place.
 G = Mean time per level.
                   A        B        C        D        E       F      G
               +--------+--------+--------+--------+--------+-----+--------+
         Total |  72961 |  61989 |  10972 |  14672 |  34791 |  59 | 1236.6 |
       Dungeon |  19288 |  15614 |   3674 |   3251 |   8973 |  15 | 1285.9 |
          Lair |   5659 |   4997 |    662 |    170 |   3889 |   5 | 1131.8 |
         Swamp |   4114 |   3866 |    248 |    969 |   2364 |   4 | 1028.5 |
     Snake Pit |   6178 |   5844 |    334 |   1327 |   3640 |   4 | 1544.5 |
    Slime Pits |   3287 |   3064 |    223 |    920 |   1611 |   5 |  657.4 |
  Orcish Mines |   2464 |   1629 |    835 |    344 |    980 |   2 | 1232.0 |
   Elven Halls |   7593 |   7124 |    469 |   3201 |   2682 |   3 | 2531.0 |
        Vaults |  10880 |   9259 |   1621 |   2438 |   5211 |   5 | 2176.0 |
         Crypt |   3712 |   2681 |   1031 |    302 |   1645 |   3 | 1237.3 |
          Tomb |   1453 |   1087 |    366 |    345 |    328 |   2 |  726.5 |
        Depths |   6105 |   4685 |   1420 |   1081 |   2508 |   4 | 1526.2 |
          Hell |    646 |    562 |     84 |      0 |    291 |   1 |  646.0 |
           Dis |      1 |      1 |      0 |      0 |      0 |   1 |    1.0 |
       Cocytus |      1 |      1 |      0 |      0 |      0 |   1 |    1.0 |
         Abyss |    642 |    642 |      0 |    180 |    165 |   2 |  321.0 |
       Volcano |    403 |    403 |      0 |      6 |    246 |   1 |  403.0 |
        Wizlab |    527 |    527 |      0 |    134 |    258 |   1 |  527.0 |
               +--------+--------+--------+--------+--------+-----+--------+

Top non-repeatable levels by time:
   Elf:2: 4701 daAuts
Vaults:4: 3040 daAuts
    D:12: 2572 daAuts
Vaults:1: 2402 daAuts
     D:9: 2150 daAuts
Depths:1: 2094 daAuts
 Snake:2: 1957 daAuts
Vaults:3: 1898 daAuts
 Snake:4: 1846 daAuts
Vaults:5: 1829 daAuts
     D:3: 1798 daAuts
    D:11: 1764 daAuts
Vaults:2: 1710 daAuts
  Lair:5: 1705 daAuts
 Swamp:4: 1618 daAuts
